 Dungeon Crawl Stone Soup version 0.21.1-1-g345015f (webtiles) character file.

5077 HAha the Cleaver (level 10, -12/136 HPs)
             Began as a Minotaur Berserker on Apr 26, 2018.
             Was an Elder of Trog.
             Mangled by Gastronok (29 damage)
             ... on level 8 of the Dungeon.
             The game lasted 00:41:06 (4298 turns).

HAha the Cleaver (Minotaur Berserker)               Turns: 4298, Time: 00:41:06

Health: -12/136    AC: 15    Str: 30    XL:     10   Next: 31%
Magic:  9/9        EV:  5    Int:  4    God:    Trog [****..]
Gold:   274        SH: 14    Dex: 10    Spells: 9/9 levels left

rFire    . . .     SeeInvis .   C - +0 broad axe
rCold    . . .     Gourm    .   y - +0 large shield
rNeg     . . .     Faith    .   n - +0 chain mail
rPois    +         Spirit   .   (helmet restricted)
rElec    .         Reflect  .   r - +0 cloak
rCorr    .         Harm     .   q - +0 pair of gloves
MR       .....                  (no boots)
Stlth    ..........             (no amulet)
HPRegen  0.32/turn              u - ring of poison resistance
MPRegen  0.11/turn              (no ring)

@: berserking, very quick
A: retaliatory headbutt, horns 2
a: Berserk, Trog's Hand, Brothers in Arms, Burn Spellbooks, Renounce Religion


You were on level 8 of the Dungeon.
You worshipped Trog.
Trog was greatly pleased with you.
You were not hungry.

You visited 1 branch of the dungeon, and saw 8 of its levels.

You collected 274 gold pieces.

Inventory:

Hand Weapons
 C - a +0 broad axe (weapon)
Armour
 n - a +0 chain mail (worn)
 q - a +0 pair of gloves (worn)
 r - a +0 cloak (worn)
 y - a +0 large shield (worn)
Jewellery
 u - a ring of poison resistance (left hand)
Wands
 x - a wand of disintegration (14)
 A - a wand of digging (8)
Scrolls
 a - a scroll of fear {unknown}
 b - a scroll of silence {unknown}
 d - a scroll of random uselessness
 e - 4 scrolls of fog
 g - 7 scrolls of remove curse
 h - 2 scrolls of noise
 j - a scroll of enchant weapon {unknown}
 k - a scroll of brand weapon {unknown}
 o - 2 scrolls of enchant armour {unknown}
 p - 3 scrolls of teleportation
 v - 2 scrolls of identify
 z - a scroll of amnesia {unknown}
Potions
 f - a potion of resistance
 i - 3 potions of cancellation
 l - a potion of haste
 m - a potion of curing
 s - a potion of magic {unknown}
 t - a potion of flight {unknown}
 w - 2 potions of brilliance {unknown}
Comestibles
 c - 6 rations


   Skills:
 * Level 9.2 Fighting
 + Level 12.1 Axes
 + Level 11.1 Armour
 - Level 2.2 Dodging
 - Level 0.1 Stealth
 - Level 0.9 Shields


You had 9 spell levels left.
You didn't know any spells.

Dungeon Overview and Level Annotations

Branches:
Dungeon (8/15)             Temple (0/1) D:6
   Lair: D:8-11

Altars:
Cheibriados
Dithmenos
Hepliaklqana
Trog
Wu Jian

Annotations:
D:8 Gastronok


Innate Abilities, Weirdness & Mutations

You reflexively headbutt those who attack you in melee.
You have a pair of horns on your head.


Message History

You block Gastronok's attack.
You slash Gastronok!
You headbutt Gastronok, but do no damage.
Gastronok is lightly wounded.
You hit Gastronok. You headbutt Gastronok.
Gastronok is lightly wounded.
You block Gastronok's attack.
Your shield and chain mail prevent you from hitting Gastronok.
Your headbutt misses Gastronok.
Gastronok is lightly wounded.
You completely miss Gastronok. You headbutt Gastronok.
Gastronok is lightly wounded.
Gastronok bites you!!
* * * LOW HITPOINT WARNING * * *
A red film seems to cover your vision as you go berserk!
You feel yourself moving faster!
You feel mighty!
You feel a lot more hungry.
You slash Gastronok! You headbutt Gastronok!
Gastronok is moderately wounded.
Gastronok bites you!!
You die...

....#### ....... #.....
.. #.... #.#####..%
............
.....(....))#
#..........w@#
#............#
#............#
#............############
............†..........#
.........((.)..........#
####.....#............#
#....#.##############
#....#'###


You could see Gastronok.

Vanquished Creatures
  The ghost of HAha the Cleaver, a novice MiBe of Trog (D:8)
  Pikel (D:6)
  Joseph (D:8)
  Grinder (D:4)
  Eustachio (D:6)
  A hungry ghost (D:8)
  The ghost of Verendum the Twirler, an amateur GrGl (D:4)
  2 water moccasins
  2 orc warriors (D:7)
  2 black bears
  2 slaves (D:6)
  A sky beast (D:7)
  A necrophage (D:3)
  2 ice beasts
  6 ogres
  2 centaurs
  4 bullfrogs
  4 scorpions
  5 killer bees (D:7)
  2 crimson imps
  A bullfrog zombie (D:6)
  2 jellies
  3 hounds
  3 centaur zombies
  3 orc wizards
  A gnoll shaman (D:6)
  An iguana (D:4)
  3 worker ants
  2 hound skeletons
  A howler monkey zombie (D:7)
  A worker ant zombie (D:6)
  3 gnolls (D:6)
  12 adders
  2 shadow imps
  An adder zombie (D:8)
  An adder skeleton (D:5)
  2 dart slugs (D:1)
  5 leopard geckos
  24 orcs
  5 giant cockroaches
  14 goblins
  7 hobgoblins
  4 jackals (D:2)
  5 quokkas
  A ball python (D:1)
  7 bats
  6 frilled lizards
  A giant cockroach zombie (D:5)
  A jackal skeleton (D:4)
  6 kobolds
  A leopard gecko skeleton (D:5)
  A quokka zombie (D:5)
  8 rats
180 creatures vanquished.

Vanquished Creatures (collateral kills)
  A black bear (D:7)
  An orc (D:7)
2 creatures vanquished.

Vanquished Creatures (others)
  An iguana (D:6)
1 creature vanquished.

Grand Total: 183 creatures vanquished

Notes
Turn   | Place    | Note
-------+----------+-------------------------------------------
     0 | D:1      | HAha the Minotaur Berserker began the quest for the Orb.
     0 | D:1      | Reached XP level 1. HP: 19/19 MP: 0/0
   176 | D:1      | Reached XP level 2. HP: 11/27 MP: 1/1
   187 | D:1      | Reached skill level 4 in Axes
   415 | D:1      | Reached ** piety under Trog
   577 | D:2      | Reached XP level 3. HP: 33/33 MP: 2/2
   893 | D:2      | Reached XP level 4. HP: 28/41 MP: 3/3
  1048 | D:2      | Reached skill level 5 in Axes
  1203 | D:3      | Reached *** piety under Trog
  1206 | D:3      | Reached skill level 5 in Fighting
  1206 | D:3      | Reached XP level 5. HP: 48/48 MP: 4/4
  1467 | D:3      | Noticed a necrophage
  1478 | D:3      | Killed a necrophage
  1478 | D:3      | Reached skill level 6 in Axes
  1478 | D:3      | Reached XP level 6. HP: 50/55 MP: 5/5
  1672 | D:4      | Reached skill level 7 in Axes
  1713 | D:4      | Reached XP level 7. HP: 44/61 MP: 6/6
  1757 | D:4      | Reached skill level 5 in Armour
  1814 | D:4      | Noticed Grinder
  1837 | D:4      | Killed Grinder
  1837 | D:4      | Received a gift from Trog
  1837 | D:4      | Reached skill level 8 in Axes
  1967 | D:4      | Noticed Verendum's ghost (amateur GrGl)
  2109 | D:4      | Reached XP level 8. HP: 38/70 MP: 7/7
  2162 | D:4      | Killed Verendum's ghost
  2317 | D:5      | Entered Level 5 of the Dungeon
  2402 | D:5      | Reached **** piety under Trog
  2583 | D:5      | Reached skill level 9 in Axes
  2826 | D:6      | Found a hazy altar of Hepliaklqana.
  2887 | D:6      | Found a staircase to the Ecumenical Temple.
  2896 | D:6      | Noticed Eustachio
  2926 | D:6      | Killed Eustachio
  2994 | D:6      | Found an ornate altar of the Wu Jian Council.
  3024 | D:6      | Found a snail-covered altar of Cheibriados.
  3074 | D:6      | Noticed Pikel
  3100 | D:6      | Killed Pikel
  3100 | D:6      | Reached skill level 10 in Axes
  3100 | D:6      | Reached XP level 9. HP: 32/79 MP: 8/8
  3374 | D:7      | Found a shadowy altar of Dithmenos.
  3403 | D:7      | Reached skill level 11 in Axes
  3480 | D:7      | Reached skill level 10 in Armour
  3531 | D:7      | Found a bloodstained altar of Trog.
  4131 | D:8      | Noticed HAha's ghost (novice MiBe)
  4145 | D:8      | Killed HAha's ghost
  4145 | D:8      | Reached XP level 10. HP: 77/90 MP: 9/9
  4239 | D:8      | Noticed Joseph
  4247 | D:8      | Killed Joseph
  4247 | D:8      | Reached skill level 12 in Axes
  4274 | D:8      | Noticed Gastronok
  4298 | D:8      | Mangled by Gastronok

Skill      XL: |  1  2  3  4  5  6  7  8  9 10 |
---------------+-------------------------------+-----
Axes           | 4 5 6 7 8 10 11 12 | 12.1
Fighting       | 4 5 6 7 8 9 |  9.2
Armour         | 3 4 6 9 10 11 | 11.1
Dodging        | |  2.2
Stealth        | |  0.1
Shields        | |  0.9

Action                   |  1- 3 |  4- 6 |  7- 9 | 10-12 || total
-------------------------+-------+-------+-------+-------++-------
Melee: Hand axe          |    95 |   102 |   284 |       ||   481
       Headbutt          |    15 |    16 |    71 |    13 ||   115
       Broad axe         |       |       |    46 |    39 ||    85
Invok: Berserk           |     1 |     2 |     4 |     1 ||     8
       Brothers in Arms  |       |       |     2 |       ||     2
  Use: Scroll            |     3 |     1 |     5 |       ||     9
       Potion            |       |       |     4 |       ||     4
  Eat: Chunk             |       |     1 |       |       ||     1
       Ration            |       |     1 |     4 |     1 ||     6
Armor: Animal skin       |    29 |       |       |       ||    29
       Leather armour    |     1 |     1 |       |       ||     2
       Chain mail        |       |    59 |   178 |    14 ||   251
Dodge: Dodged            |    87 |    36 |    63 |     7 ||   193
Block: Large shield      |       |       |   146 |    25 ||   171
